 Dungeon Crawl Stone Soup version 0.23.0-3-gf3c87f2 (webtiles) character file.

Game seed: 5716929817479657808

5209 Borgoz the Covert (level 10, 0/77 HPs)
             Began as a Ghoul Assassin on Feb 23, 2019.
             Was a Believer of Ashenzari.
             Slain by an orc
             ... wielding a +0 hand axe
              (2 damage)
             ... while petrified by a basilisk
             ... on level 9 of the Dungeon.
             The game lasted 00:20:31 (7725 turns).

Borgoz the Covert (Ghoul Assassin)                  Turns: 7725, Time: 00:20:32

Health: 0/77       AC:  6    Str: 16    XL:     10   Next: 61%
Magic:  10/10      EV:  2    Int:  7    God:    Ashenzari [**....]
Gold:   258        SH:  0    Dex: 12    Spells: 9/9 levels left

rFire    . . .     SeeInvis .   a - +5 dagger (venom)
rCold    + . .     Gourm    .   (no shield)
rNeg     + + +     Faith    .   c - +0 robe
rPois    ∞         Spirit   .   E - +1 hat (curse)
rElec    .         Reflect  .   d - +0 cloak (curse)
rCorr    .         Harm     .   n - +0 pair of gloves
MR       .....                  q - +0 pair of boots (curse)
Stlth    +++++.....             (no amulet)
HPRegen  0.00/turn              (no ring)
MPRegen  0.12/turn              (no ring)

@: petrified, rotting
A: rotting body, claws 1, carnivore, cold resistance 1, negative energy
resistance 3, inhibited regeneration, torment resistance, unbreathing
a: Curse Item, Scrying, Renounce Religion


You were on level 9 of the Dungeon.
You worshipped Ashenzari.
Ashenzari was pleased with you.
You were not hungry.

You visited 2 branches of the dungeon, and saw 10 of its levels.
You also visited: Sewer.

You collected 537 gold pieces.
You spent 279 gold pieces at shops.

Inventory:

Hand Weapons
 a - a +5 dagger of venom (weapon)
 b - a +0 blowgun
 H - a +2 hand axe of electrocution
 J - a +0 whip of pain
Missiles
 e - 43 poisoned needles
 f - 2 curare-tipped needles
 l - 6 tomahawks
 v - 6 throwing nets (quivered)
Armour
 c - a +0 robe (worn)
 d - a cursed +0 cloak (worn)
 n - a +0 pair of gloves (worn)
 q - a cursed +0 pair of boots (worn)
 E - a cursed +1 hat (worn)
 M - a +0 scale mail of cold resistance
Wands
 h - a wand of flame (16)
 p - a wand of polymorph (4)
Scrolls
 i - a scroll of noise {unknown}
 k - 3 scrolls of remove curse
 m - 3 scrolls of immolation
 o - a scroll of amnesia {unknown}
 u - 2 scrolls of enchant weapon {unknown}
 w - 2 scrolls of teleportation
 x - 5 scrolls of magic mapping
 y - 3 scrolls of fog
 z - 5 scrolls of blinking
 B - a scroll of summoning {unknown}
 D - a scroll of fear
 F - a scroll of acquirement {unknown}
Potions
 j - 3 potions of haste
 r - a potion of flight
 t - a potion of agility
 A - 2 potions of might
 C - 2 potions of magic
 G - 2 potions of brilliance
 K - 2 potions of curing
 L - a potion of ambrosia {unknown}
Comestibles
 g - 17 rations
 s - a chunk of flesh


   Skills:
 + Level 3.2 Fighting
 + Level 8.1 Short Blades
 - Level 1.7 Throwing
 + Level 1.8 Armour
 + Level 7.9(9.4) Dodging
 + Level 11.0(12.3) Stealth
 + Level 1.7 Evocations


You had 9 spell levels left.
You didn't know any spells.
Your spell library contained the following spells:

 Spells                   Type           Power        Failure   Level  Hunger
 Flame Tongue             Conj/Fire      #....        43%         1    ##.....
 Throw Flame              Conj/Fire      #.....       56%         2    ###....
 Conjure Flame            Conj/Fire      #.......     80%         3    ####...
 Inner Flame              Hex/Fire       #.......     80%         3    ####...
 Sticky Flame             Conj/Fire      #.......     99%         4    #####..
 Fireball                 Conj/Fire      #.........   100%        5    ######.


Dungeon Overview and Level Annotations

Branches:
Dungeon (9/15)             Temple (1/1) D:4
   Lair: D:8-11         Orc: D:9-12

Altars:
Ashenzari
Cheibriados
Dithmenos
Elyvilon
Fedhas
Gozag
Hepliaklqana
Kikubaaqudgha
Makhleb
Okawaru
Qazlal
Ru
Trog
Vehumet
Wu Jian
Xom
Yredelemnul
Zin
The Shining One

Shops:
D:7 *   D:8 =*?   D:9 %


Innate Abilities, Weirdness & Mutations

Your body is rotting away.
You thrive on raw meat.
You are immune to poison.
You have sharp fingernails.
You are carnivorous and can eat meat at any time.
Your flesh is cold resistant. (rC+)
You are immune to negative energy. (rN+++)
You do not regenerate when monsters are visible.
You are immune to unholy pain and torment.
You can survive without breathing.


Message History

The orc hits you. The orc hits you but does no damage.
The orc hits you with a +0 hand axe.
* * * LOW HITPOINT WARNING * * *
The adder skeleton bites you. The basilisk bites you!
* * * LOW HITPOINT WARNING * * *
The orc hits you but does no damage. x2; The orc hits you with a +0 mace.
* * * LOW HITPOINT WARNING * * *
The adder skeleton bites you but does no damage.
The basilisk bites you!
* * * LOW HITPOINT WARNING * * *
The orc hits you. The orc hits you with a +0 hand axe.
* * * LOW HITPOINT WARNING * * *
The adder skeleton bites you.
* * * LOW HITPOINT WARNING * * *
The orc hits you with a +0 mace.
* * * LOW HITPOINT WARNING * * *
The basilisk gazes at you. You resist with some effort.
The adder skeleton bites you. The orc hits you with a +0 hand axe.
You die...

, , #............ , , , ...
#.8.∩.8...#.. ..
#............, , ,
,,..#(..8..(..### * * ,
*#.##..Y####....# , ,
##.##...####....# ,
#.>.o....#......# ,
,,,#..olZ...+.....Y# , , , ,
#...@o...#......# > * ,
,#...oo...#......+ , ,
,,#........#......#
##########* ##.##.........#
.#..#....#####.############*
..........#.....#
..........'.....# ,
..........#....<# , ,
################# *


You could see a yak, a basilisk, 5 orcs and an adder skeleton.

Vanquished Creatures
  Harold (D:7)
  Pikel (D:4)
  Joseph (D:8)
  Grinder (D:5)
  Sigmund (D:2)
  A water moccasin (D:8)
  A black bear (D:8)
  4 slaves (D:4)
  An ice beast (D:7)
  2 orc warriors
  2 sky beasts
  3 ogres
  2 centaurs (D:8)
  A big kobold (D:8)
  4 bullfrogs
  A gnoll sergeant (D:8)
  5 scorpions
  A water moccasin skeleton (D:8)
  3 howler monkeys (D:8)
  2 crimson imps
  A jelly (D:9)
  A quasit (D:7)
  2 bullfrog zombies
  3 hounds
  7 orc priests
  A centaur skeleton (D:9)
  Jessica (D:2)
  Ijyb (D:4)
  Natasha (thrice) (D:2)
  2 iguanas
  8 orc wizards
  4 worker ants
  A killer bee zombie (D:5)
  A hound zombie (D:7)
  2 hound skeletons
  7 gnolls
  2 howler monkey skeletons
  15 adders
  3 river rats (Sewer)
  An ooze (Sewer)
  An adder zombie (D:6)
  3 worms
  4 dart slugs
  7 leopard geckos
  39 orcs
  14 ball pythons
  5 bats
  5 giant cockroaches
  11 goblins
  13 hobgoblins
  11 jackals
  16 kobolds
  4 quokkas
  4 frilled lizards
  A leopard gecko zombie (D:8)
  2 quokka skeletons
  29 rats
273 creatures vanquished.

Vanquished Creatures (others)
  A quokka (D:2)
  A fungus (D:9)
2 creatures vanquished.

Grand Total: 275 creatures vanquished

Notes
Turn   | Place    | Note
-------+----------+-------------------------------------------
     0 | D:1      | Borgoz the Ghoul Assassin began the quest for the Orb.
     0 | D:1      | Reached XP level 1. HP: 17/17 MP: 0/0
    10 | D:1      | Reached skill level 1 in Dodging
   189 | D:1      | Reached XP level 2. HP: 24/24 MP: 1/1
   650 | D:1      | Reached XP level 3. HP: 23/29 MP: 2/2
   848 | D:2      | Reached skill level 5 in Stealth
   992 | D:2      | Noticed Sigmund
  1004 | D:2      | Killed Sigmund
  1004 | D:2      | Reached XP level 4. HP: 20/36 MP: 3/3
  1004 | D:2      | Reached XP level 5. HP: 23/41 MP: 4/4
  1170 | D:2      | Noticed Natasha
  1180 | D:2      | Killed Natasha
  1180 | D:2      | Reached skill level 6 in Stealth
  1180 | D:2      | Reached XP level 6. HP: 16/48 MP: 5/5
  1395 | D:2      | Noticed Natasha
  1413 | D:2      | Killed Natasha
  1541 | D:2      | Noticed Jessica
  1547 | D:2      | Killed Jessica
  1720 | D:2      | Found a glowing silver altar of Zin.
  1787 | D:2      | Noticed Natasha
  1798 | D:2      | Killed Natasha
  1837 | D:2      | Found a white marble altar of Elyvilon.
  2337 | D:3      | Found an opulent altar of Gozag.
  2410 | D:3      | Reached XP level 7. HP: 31/55 MP: 6/6
  2935 | D:4      | Noticed Ijyb
  2941 | D:4      | Paralysed by Ijyb for 5 turns
  2959 | D:4      | Killed Ijyb
  2988 | D:4      | Reached skill level 7 in Stealth
  3043 | D:4      | Found a staircase to the Ecumenical Temple.
  3057 | Temple   | Entered the Ecumenical Temple
  3171 | Temple   | Became a worshipper of Ashenzari the Shackled
  3306 | D:4      | Found a glowing drain.
  3310 | Sewer    | Entered a sewer
  3621 | Sewer    | Reached XP level 8. HP: 20/61 MP: 7/7
  3760 | D:4      | Noticed Pikel
  3812 | D:4      | Killed Pikel
  3812 | D:4      | Reached skill level 5 in Short Blades
  3812 | D:4      | Reached skill level 5 in Dodging
  3812 | D:4      | Reached skill level 8 in Stealth
  3980 | D:4      | Found an iron altar of Okawaru.
  4152 | D:5      | Entered Level 5 of the Dungeon
  4170 | D:5      | Found a blossoming altar of Fedhas.
  4200 | D:5      | Reached XP level 9. HP: 14/67 MP: 8/8
  4309 | D:5      | Reached skill level 9 in Stealth
  4364 | D:5      | Noticed Grinder
  4378 | D:5      | Killed Grinder
  4944 | D:5      | Found a sacrificial altar of Ru.
  4944 | D:5      | Found a burning altar of Makhleb.
  4956 | D:5      | Found a snail-covered altar of Cheibriados.
  4958 | D:5      | Found a faded altar of an unknown god.
  4960 | D:5      | Found a faded altar of an unknown god.
  5085 | D:6      | Found a shadowy altar of Dithmenos.
  5141 | D:6      | Reached * piety under Ashenzari
  5159 | D:6      | Found a white marble altar of Elyvilon.
  5770 | D:7      | Reached skill level 10 in Stealth
  5836 | D:7      | Found Qeemupnu's Island Escapes.
  5873 | D:7      | Noticed Harold
  5887 | D:7      | Killed Harold
  5887 | D:7      | Reached XP level 10. HP: 49/73 MP: 9/9
  6265 | D:7      | Bought a scroll of blinking for 112 gold pieces
  6265 | D:7      | Bought a scroll of blinking for 112 gold pieces
  6330 | D:8      | Found Uca Lufa's General Store.
  6333 | D:8      | Bought a potion of heal wounds for 55 gold pieces
  6551 | D:8      | Noticed Joseph
  6577 | D:8      | HP: 3/73 [something (7)]
  6578 | D:8      | Killed Joseph
  6791 | D:8      | Reached skill level 1 in Evocations
  6896 | D:8      | Found Kirchekep's Jewellery Emporium.
  6933 | D:8      | Reached skill level 1 in Armour
  7115 | D:8      | Found Ulantan's Magic Scroll Boutique.
  7366 | D:8      | Reached skill level 11 in Stealth
  7420 | D:8      | Reached ** piety under Ashenzari
  7667 | D:9      | Found Dyci's Food Shoppe.
  7725 | D:9      | HP: 2/77 [orc/+0 mace (2)]
  7725 | D:9      | Slain by an orc

Skill      XL: |  1  2  3  4  5  6  7  8  9 10 |
---------------+-------------------------------+-----
Dodging        | 1 2 3 4 5 7 |  7.9
Short Blades   | 2 3 4 6 7 8 |  8.1
Stealth        | 5 6 7 8 10 11 | 11.0
Evocations     | 1 |  1.7
Armour         | 1 |  1.8
Fighting       | 3 |  3.2
Throwing       | |  1.7

Action                   |  1- 3 |  4- 6 |  7- 9 | 10-12 || total
-------------------------+-------+-------+-------+-------++-------
Melee: Dagger            |    81 |    99 |   470 |   181 ||   831
Throw: Throwing net      |       |       |     2 |       ||     2
Invok: Curse Item        |       |       |     2 |       ||     2
Evoke: Wand              |       |       |     1 |       ||     1
  Use: Scroll            |     1 |     5 |     4 |     5 ||    15
       Potion            |     1 |       |     5 |     6 ||    12
 Stab: Sleeping          |     8 |     8 |    18 |    14 ||    48
       Invisible         |       |       |     4 |       ||     4
       Distracted        |       |       |     1 |     1 ||     2
       Held in net/web   |       |       |     2 |       ||     2
  Eat: Chunk             |     8 |    15 |    46 |    20 ||    89
Armor: Robe              |    15 |    11 |    94 |    45 ||   165
Dodge: Dodged            |    34 |    57 |   314 |   108 ||   513
